 Dungeon Crawl Stone Soup version 0.29-a0-1023-g6ae1a4a2c7 (webtiles) character file.

Game seed: 15801647752440826387

61 Araneus the Ruffian (level 3, 0/54 HPs)
             Began as a Troll Monk on Aug 11, 2022.
             Slain by a gnoll
             ... wielding a +0 spear
              (2 damage)
             ... on level 2 of the Dungeon.
             The game lasted 00:02:06 (907 turns).

Araneus the Ruffian (Troll Monk)                     Turns: 907, Time: 00:02:07

Health: 0/54       AC: 21    Str: 19    XL:     3   Next: 83%
Magic:  2/2        EV:  1    Int:  6    God:
Gold:   66         SH:  5    Dex: 14    Spells: 2/2 levels left

rFire   . . .      SeeInvis .     - Unarmed
rCold   . . .      Faith    .   (no shield)
rNeg    . . .      Spirit   .   (body armour currently unavailable)
rPois   +          Reflect  +   (helmet currently unavailable)
rElec   .          Harm     .   (cloak currently unavailable)
rCorr   .          Rampage  .   (gloves unavailable)
Will    .....      NoTele   +   (boots unavailable)
Stlth   ++........              c - amulet of reflection
HPRegen 0.98/turn               (no ring)
MPRegen 0.08/turn               (no ring)

@: tree-form, on berserk cooldown, slowed, very slow
A: stationary, stasis, torment immunity, boosted hp, large, unfitting armour,
(claws 3), regeneration 1, (shaggy fur 1), (tough skin 1)
a: no special abilities


You were on level 2 of the Dungeon.
You were a tree.
You visited 1 branch of the dungeon, and saw 2 of its levels.

You collected 66 gold pieces.

Inventory:

Armour
 a - a +0 robe (melded)
Jewellery
 c - an amulet of reflection (around neck)
 d - a ring of positive energy
 g - a ring of wizardry
Potions
 b - a potion of ambrosia
 h - a potion of heal wounds {unknown}


   Skills:
 + Level 2.7 Fighting
 + Level 2.8 Dodging
 - Level 1.0 Stealth
 * Level 4.2 Unarmed Combat


You had 2 spell levels left.
You didn't know any spells.
Your spell library was empty.

Dungeon Overview and Level Annotations

Branches:
Dungeon (2/15)

Altars:
Elyvilon


Innate Abilities, Weirdness & Mutations

You are a tree.
Your roots penetrate the ground, keeping you stationary.
You cannot be teleported.
You are immune to unholy pain and torment.
Your maximum health is greatly increased.
Your equipment is partially melded.
You are too large for most types of armour.
((You have claws for hands.))
Your natural rate of healing is unusually fast.
((You are covered in fur. (AC +1)))
((You have tough skin. (AC +1)))


Message History

You are more poisoned.
The adder poisons you!
You feel sick.
It was a potion of lignification.
You turn into a tree.
Your +0 robe melds into your body.
Your roots penetrate the ground.
You feel sick. You block the adder's attack.
The gnoll hits you from afar with a +0 spear.
* * * LOW HITPOINT WARNING * * *
It was a potion of berserk rage.
A red film seems to cover your vision as you go berserk!
You feel yourself moving faster!
You feel mighty!
You feel sick. You block the adder's attack.
The adder bites you but does no damage. The gnoll hits you but does no damage.
The gnoll hits you from afar with a +0 spear.
* * * LOW HITPOINT WARNING * * *
You smack the gnoll!
You kill the gnoll!
Your Unarmed Combat skill increases to level 4!
You smack the adder!
You kill the adder!
You feel sick.
The gnoll hits you from afar with a +0 spear.
* * * LOW HITPOINT WARNING * * *
You block the endoplasm's attack.
You pummel the endoplasm!!
You kill the endoplasm!
* * * LOW HITPOINT WARNING * * *
You feel sick.
You are no longer poisoned.
You cannot move.
You are too berserk!
You cannot move.
You block the gnoll's attack.
You feel a strong urge to attack something.
The gnoll hits you but does no damage.
You feel your anger nearly subside.
You are no longer berserk.
You are exhausted.
You feel yourself slow down.
The gnoll hits you from afar with a +0 spear.
You die...

## #...# . ###...# #.
##.....# . .......#
#. .##....## .
#.####.#......# .####
#......#....<.#
....#####.#.##......#
......>.........♣...#
....###.#.......)...#
............#.g.....#
##..#.....#...>.#####
##...............#
..................#
..................#
##................#
##................#


You could see a gnoll.

Vanquished Creatures
  3 gnolls
  An adder (D:2)
  2 bats (D:1)
  3 endoplasms
  A goblin (D:1)
  2 hobgoblins (D:1)
  3 jackals (D:1)
  A quokka (D:1)
  3 ball pythons (D:1)
  2 frilled lizards (D:1)
  2 kobolds (D:1)
23 creatures vanquished.

Notes
Turn   | Place    | Note
-------+----------+-------------------------------------------
     0 | D:1      | Araneus the Troll Monk began the quest for the Orb.
     0 | D:1      | Reached XP level 1. HP: 22/22 MP: 0/0
   313 | D:1      | Reached XP level 2. HP: 21/29 MP: 1/1
   806 | D:1      | Reached XP level 3. HP: 36/36 MP: 2/2
   866 | D:2      | Found a white marble altar of Elyvilon.
   900 | D:2      | HP: 3/81 [gnoll/+0 spear (5)]
   902 | D:2      | Reached skill level 4 in Unarmed Combat
   902 | D:2      | HP: 1/81 [gnoll/+0 spear (2)]
   907 | D:2      | Slain by a gnoll

Illustrated notes

Levels and vault maps discovered:
D:1:      minmay_arrival_split_and_join, layout_basic
D:2:      layout_rooms, basic_altar, uniq_jessica

Skill      XL: |  1  2  3 |
---------------+----------+-----
Unarmed Combat | 4 |  4.2
Fighting       | |  2.7
Dodging        | |  2.8
Stealth        | |  1.0

Action                   || total
-------------------------++-------
Melee: Unarmed           ||    48
  Use: Potion            ||     2
 Stab: Sleeping          ||     2
Armor: Robe              ||    14
       Skin              ||     3
Dodge: Dodged            ||    16
Block: Other             ||    15

Table legend: (Time is in decaauts)
 A = Elapsed time spent in this place.
 B = Non-inter-level travel time spent in this place.
 C = Inter-level travel time spent in this place.
 D = Time resting spent in this place.
 E = Time spent auto-exploring this place.
 F = Levels seen in this place.
 G = Mean time per level.
                   A        B        C        D        E       F      G
               +--------+--------+--------+--------+--------+-----+--------+
         Total |    901 |    848 |     53 |      0 |    706 |   2 |  450.5 |
       Dungeon |    901 |    848 |     53 |      0 |    706 |   2 |  450.5 |
               +--------+--------+--------+--------+--------+-----+--------+

Top non-repeatable levels by time:
     D:1: 837 daAuts
     D:2: 64 daAuts
